 Dungeon Crawl Stone Soup version 0.28.0-47-ge53b351184 (webtiles) character file.

Game seed: 5980090849289416917

21 DemonSlayer the Firebug (level 2, 0/19 HPs)
             Began as a Demonspawn Fire Elementalist on May 2, 2022.
             Succumbed to an adder's poison
             ... on level 3 of the Dungeon.
             The game lasted 00:04:55 (1140 turns).

DemonSlayer the Firebug (DsFE)                      Turns: 1140, Time: 00:04:55

Health: 0/19       AC:  3    Str:  8    XL:     2   Next: 62%
Magic:  2/5        EV: 12    Int: 16    God:
Gold:   37         SH:  0    Dex: 13    Spells: 2/5 levels left

rFire   . . .      SeeInvis .   a - +0 dagger
rCold   + + .      Faith    .   (no shield)
rNeg    . . .      Spirit   .   b - +1 robe {rC+}
rPois   .          Reflect  .   (no helmet)
rElec   .          Harm     .   (no cloak)
rCorr   .          Rampage  .   (no gloves)
Will    .....                   (no boots)
Stlth   ++........              (no amulet)
HPRegen 0.06/turn               c - ring of protection from cold
MPRegen 0.09/turn               (no ring)

@: lethally poisoned (0 -> -1), hasted, very quick
A: ignite blood 1
a: no special abilities


You were on level 3 of the Dungeon.
You visited 1 branch of the dungeon, and saw 3 of its levels.

You collected 37 gold pieces.

Inventory:

Hand Weapons
 a - a +0 dagger (weapon)
Armour
 b - a +1 robe of cold resistance (worn)
Jewellery
 c - a ring of protection from cold (left hand)
 g - a +6 ring of intelligence
Scrolls
 i - a scroll of silence {unknown}
 j - a scroll of vulnerability {unknown}


   Skills:
 + Level 1.8 Dodging
 + Level 2.0 Stealth
 + Level 2.2 Spellcasting
 + Level 1.0 Conjurations
 + Level 3.2 Fire Magic


You had 2 spell levels left.
You knew the following spells:

 Your Spells              Type           Power      Damage    Failure   Level
a - Foxfire               Conj/Fire      32%        2x1d5     9%          1
b - Scorch                Fire           24%        2d6       8%          2

Your spell library contained the following spells:

 Spells                   Type           Power      Damage    Failure   Level
 Corpse Rot               Necr/Air       2%         N/A       30%         2
 Conjure Flame            Conj/Fire      8%         6-21      26%         3
 Inner Flame              Hex/Fire       7%         N/A       30%         3
 Ignite Poison            Fire/Tmut/Pois 5%         N/A       36%         3
 Flame Wave               Conj/Fire      8%         2d5       63%         4
 Sticky Flame             Conj/Fire      8%         2d3       63%         4
 Dispel Undead            Necr           1%         3d6       90%         4
 Summon Lightning Spire   Summ/Air       1%         N/A       90%         4
 Death Channel            Necr           0%         N/A       100%        6
 Storm Form               Tmut/Air       0%         N/A       100%        7
 Maxwell's Capacitive Co  Air            0%         ∞         100%        8


Dungeon Overview and Level Annotations

Branches:
Dungeon (3/15)

Altars:
Dithmenos


Innate Abilities, Weirdness & Mutations

Your demonic aura sometimes causes spilled blood to erupt in flames.


Message History

You are frozen.
You resist.
You don't have enough magic to cast this spell.
You barely miss the adder.
The adder is severely wounded.
The adder bites you.
The endoplasm hits you but does no damage.
You hit the adder but do no damage.
The adder is severely wounded.
The adder barely misses you. The adder bites you.
The endoplasm hits you but does no damage.
You hit the adder.
The adder is almost dead.
The adder is no longer more vulnerable to fire.
The adder bites you.
You are poisoned.
The adder poisons you! The endoplasm freezes you.
You are frozen.
You resist.
It was a potion of cancellation.
You feel magically purged.
* * * LOW HITPOINT WARNING * * *
You feel sick. The adder completely misses you.
The endoplasm hits you but does no damage.
It was a potion of haste.
You feel yourself speed up.
* * * LOW HITPOINT WARNING * * *
You feel sick. The adder closely misses you. x2
The endoplasm barely misses you. The adder closely misses you.
* * * LOW HITPOINT WARNING * * *
You feel sick. The endoplasm closely misses you.
* * * LOW HITPOINT WARNING * * *
You feel sick. The endoplasm freezes you.
You are frozen.
You resist.
* * * LOW HITPOINT WARNING * * *
There is a stone staircase leading down here.
As you read the scroll labelled TIXUATTIXZU, it crumbles to dust.
You hear a loud clanging noise!
It was a scroll of noise.
You hear an angry hiss. x3
You die...

#.#.##
##....##
...#.. #
##!...# .#
#.....# .##
#.....# !..
#.....##.#
#..@>S...#
#....J.###
###..#<..#
#..##..#
#... .....
#.....#.###
#######.# #


You could see an adder and an endoplasm.

Vanquished Creatures
  A dart slug (D:1)
  A ball python (D:1)
  2 endoplasms
  6 goblins
  2 kobolds (D:1)
  A quokka (D:1)
  A bat (D:1)
  A frilled lizard (D:1)
  2 rats (D:1)
17 creatures vanquished.

Vanquished Creatures (others)
  19 foxfires
19 creatures vanquished.

Grand Total: 36 creatures vanquished

Notes
Turn   | Place    | Note
-------+----------+-------------------------------------------
     0 | D:1      | DemonSlayer the Demonspawn Fire Elementalist began the
                  | quest for the Orb.
     0 | D:1      | Reached XP level 1. HP: 13/13 MP: 3/3
   245 | D:1      | Reached skill level 3 in Fire Magic
   315 | D:1      | Gained mutation: Your demonic aura sometimes causes spilled
                  | blood to erupt in flames. [demonic ancestry]
   315 | D:1      | Reached XP level 2. HP: 19/19 MP: 5/5
   318 | D:1      | Learned a level 2 spell: Scorch
   910 | D:1      | Found a shadowy altar of Dithmenos.
  1140 | D:3      | Succumbed to an adder's poison

Illustrated notes

Levels and vault maps discovered:
D:1:      dpeg_arrival_lava_altar, layout_basic
D:2:      layout_rooms, basic_ecumenical_altar, minmay_misc_feat_alley,
          hangedman_decor_clover_reticule, lemuel_old_faithful, uniq_terence
D:3:      layout_loops_ring

Skill      XL: |  1  2 |
---------------+-------+-----
Fire Magic     | 3 |  3.2
Stealth        | 2 |  2.0
Dodging        | |  1.8
Spellcasting   | |  2.2
Conjurations   | |  1.0

Action                   || total
-------------------------++-------
Melee: Dagger            ||    24
 Cast: Foxfire           ||    13
       Scorch            ||     5
  Use: Potion            ||     3
       Scroll            ||     1
 Stab: Sleeping          ||     7
Armor: Robe              ||     9
Dodge: Dodged            ||    29
